 Dungeon Crawl Stone Soup version 0.30-a0-360-g447f08457e (webtiles) character file.

Game seed: 15090847120554576968

119 avis the Chiller (level 4, -1/36 HPs)
             Began as a Demigod Ice Elementalist on Nov 14, 2022.
             Shot with an arrow by a centaur (10 damage)
             ... on level 5 of the Dungeon.
             The game lasted 00:14:35 (2361 turns).

avis the Chiller (Demigod Ice Elementalist)         Turns: 2361, Time: 00:14:35

Health: -1/36      AC:  3    Str: 13    XL:     4   Next: 46%
Magic:  10/10      EV: 12    Int: 17    God:
Gold:   135        SH:  0    Dex: 14    Spells: 1/8 levels left

rFire   . . .      SeeInvis .    f - +0 dagger
rCold   . . .      Faith    .    (no shield)
rNeg    . . .      Spirit   .    a - +0 robe
rPois   .          Reflect  .    (no helmet)
rElec   .          Harm     .    (no cloak)
rCorr   .          Rampage  .    (no gloves)
Will    .....                    d - +0 pair of boots
Stlth   ++........               (no amulet)
HPRegen 0.26/turn                (no ring)
MPRegen 0.12/turn                (no ring)

@: no status effects
A: high MP 1, forlorn, divine attributes
a: no special abilities


You were on level 5 of the Dungeon.
You visited 1 branch of the dungeon, and saw 4 of its levels.

You collected 135 gold pieces.

Inventory:

Hand Weapons
 f - a +0 dagger (weapon)
 n - a +0 short sword
Missiles
 p - 3 curare-tipped darts
Armour
 a - a +0 robe (worn)
 d - a +0 pair of boots (worn)
Scrolls
 g - 4 scrolls of identify {unknown}
 i - a scroll of enchant weapon {unknown}
 o - 3 scrolls of blinking {unknown}
Potions
 b - a potion of magic
 c - 2 potions of resistance {unknown}
 e - a potion of invisibility {unknown}
 h - a potion of curing {unknown}
 j - a potion of heal wounds {unknown}
 k - 3 potions of lignification {unknown}
 l - a potion of haste {unknown}
 m - a potion of might {unknown}


   Skills:
 - Level 2.0 Fighting
 - Level 2.0 Dodging
 - Level 2.0 Stealth
 * Level 2.5 Spellcasting
 - Level 4.5 Ice Magic


You had one spell level left.
You knew the following spells:

 Your Spells              Type           Power      Damage    Failure   Level
a - Freeze                Ice            68%        1d8       3%          1
o - Ozocubu's Armour      Ice            17%        N/A       9%          3
r - Frozen Ramparts       Ice            34%        1d6       9%          3

Your spell library contained the following spells:

 Spells                   Type           Power      Damage    Failure   Level
 Apportation              Tloc           4%         N/A       19%         1
 Summon Ice Beast         Ice/Summ       9%         N/A       58%         4


Dungeon Overview and Level Annotations

Branches:
Dungeon (3/15)

Shops:
D:2 ([?   D:3 *


Innate Abilities, Weirdness & Mutations

You have an increased reservoir of magic. (+10% MP)
You shall have no god before yourself.
Your divine heritage dramatically boosts your attributes as you level up.


Message History

A bat comes into view.
The bat closely misses you.
Found a leather armour.
Casting: Freeze (safe; 3% risk of failure)
Confirm with . or Enter, or press ? or * to list all spells.
Aiming: Freeze (safe; 3% risk of failure)
Press: ? - help, Shift-Dir - straight line, f - bat
Aim: a bat You freeze the bat!
You kill the bat!
There is an open door here.
You see here a bat corpse.
A bat comes into view.
The bat barely misses you.
Found a stone staircase leading down.
The bat hits you but does no damage.
Casting: Freeze (safe; 3% risk of failure)
Confirm with . or Enter, or press ? or * to list all spells.
Aiming: Freeze (safe; 3% risk of failure)
Press: ? - help, Shift-Dir - straight line, f - bat
Aim: a bat You freeze the bat.
You kill the bat!
You see here a bat corpse.
You open the door.
Found a snail-covered altar of Cheibriados.
A sourceless malevolence fills the Dungeon...
You fall into a shaft and drop 2 floors!
The shaft crumbles and collapses.
Found a stone staircase leading up and a stone staircase leading down.
A centaur comes into view.
The centaur wields a +0 shortbow.
The centaur shoots an arrow.
The arrow barely misses you.
The centaur shoots an arrow.
The arrow barely misses you.
The centaur shoots an arrow.
The arrow hits you!
An ice beast comes into view.
The centaur shoots an arrow.
The arrow hits you!
* * * LOW HITPOINT WARNING * * *
There is a stone staircase leading up here.
The centaur shoots an arrow.
The arrow hits you!
You die...

###.#.# #...#.#
###.###.#
#########.......#
####..........#.####
#.......####..#.#
#.......# #..#.#
#.......# #..#.#
#.....@.+ #....#
#.......# #.####
.....>...# ....
##.......####..
#.......# #.
#..c..Y.. .#
#........ .
#.........


You could see an ice beast and a centaur.

Vanquished Creatures
  Jessica (D:2)
  An iguana (D:2)
  2 adders (D:2)
  2 dart slugs
  4 endoplasms
  A giant cockroach (D:2)
  4 goblins
  6 hobgoblins
  2 jackals (D:2)
  A quokka (D:2)
  5 ball pythons
  6 bats
  2 frilled lizards
  4 kobolds
  3 rats
44 creatures vanquished.

Notes
Turn   | Place    | Note
-------+----------+-------------------------------------------
     0 | D:1      | avis the Demigod Ice Elementalist began the quest for the
                  | Orb.
     0 | D:1      | Reached XP level 1. HP: 14/14 MP: 5/5
   136 | D:1      | Reached skill level 4 in Ice Magic
   203 | D:1      | Reached XP level 2. HP: 17/20 MP: 2/7
  1149 | D:2      | Found Ties Ner's Antique Weapon Emporium.
  1220 | D:2      | Found Giticril's Armour Shoppe.
  1239 | D:2      | Reached XP level 3. HP: 27/27 MP: 5/9
  1288 | D:2      | Reached skill level 1 in Fighting
  1353 | D:2      | Learned a level 3 spell: Frozen Ramparts
  1357 | D:2      | Learned a level 3 spell: Ozocubu's Armour
  1562 | D:2      | Found Qillo's Magic Scroll Boutique.
  1622 | D:2      | Found the +8 demon trident "Rift" {distort, reach+}
  1830 | D:2      | Noticed Jessica
  1838 | D:2      | Killed Jessica
  1839 | D:2      | Reached XP level 4. HP: 36/36 MP: 4/10
  1845 | D:2      | Got Jessica's Exposition on the Voyage
  2194 | D:3      | Found Sepnalor's Assorted Antiques.
  2320 | D:3      | You fall into a shaft and drop 2 floors!
  2320 | D:5      | Entered Level 5 of the Dungeon
  2358 | D:5      | Noticed a centaur
  2359 | D:5      | Noticed an ice beast
  2361 | D:5      | Shot with an arrow by a centaur

Illustrated notes

Levels and vault maps discovered:
D:1:      tarquinn_simple_flora_water_a, layout_basic
D:2:      layout_loops_ring, shapermc_ecumenical_altar_mp_highgroup,
          serial_shops, shop, shop_statue, shop, kennysheep_jessica_study
D:3:      layout_basic, overflow_temple_1_default, mainiacjoe_overflow_alcove_4,
          serial_shops, shop, shop, hangedman_decor_growths, minmay_cut_off
D:5:      layout_basic, mainiacjoe_overflow_catwalk, kb_lookout_dungeons_type

Skill      XL: |  1  2  3 |
---------------+----------+-----
Ice Magic      | 4 |  4.5
Spellcasting   | 2 |  2.5
Fighting       | 2 |  2.0
Dodging        | 2 |  2.0
Stealth        | 2 |  2.0

Action                   |  1- 3 |  4- 6 || total
-------------------------+-------+-------++-------
Melee: Dagger            |    18 |     2 ||    20
 Cast: Freeze            |    53 |    18 ||    71
 Stab: Sleeping          |     3 |     1 ||     4
Armor: Robe              |    12 |     4 ||    16
Dodge: Dodged            |    45 |    10 ||    55

Table legend: (Time is in decaauts)
 A = Elapsed time spent in this place.
 B = Non-inter-level travel time spent in this place.
 C = Inter-level travel time spent in this place.
 D = Time resting spent in this place.
 E = Time spent auto-exploring this place.
 F = Levels seen in this place.
 G = Mean time per level.
                   A        B        C        D        E       F      G
               +--------+--------+--------+--------+--------+-----+--------+
         Total |   2360 |   2232 |    128 |    486 |   1263 |   4 |  590.0 |
       Dungeon |   2360 |   2232 |    128 |    486 |   1263 |   4 |  590.0 |
               +--------+--------+--------+--------+--------+-----+--------+

Top non-repeatable levels by time:
     D:1: 1169 daAuts
     D:2: 870 daAuts
     D:3: 279 daAuts
     D:5: 40 daAuts
